 Dungeon Crawl Stone Soup version 0.20.1-1-g8b1a95d (webtiles) character file.

339 letownia2 the Grave Robber (level 6, 11/49 HPs)
             Began as a Deep Dwarf Necromancer on Oct 29, 2017.
             Quit the game on level 5 of the Dungeon.
             The game lasted 00:13:40 (4053 turns).

letownia2 the Grave Robber (Deep Dwarf Necromancer) Turns: 4053, Time: 00:13:40

Health: 11/49      AC:  3    Str: 12    XL:     6   Next: 29%
Magic:  10/10      EV: 12    Int: 17    God:
Gold:   93         SH:  0    Dex: 13    Spells: 7/11 levels left

rFire    . . .     SeeInvis .   a - +0 dagger
rCold    . . .     Gourm    .   (no shield)
rNeg     . . .     Faith    .   h - +0 leather armour
rPois    .         Spirit   .   (no helmet)
rElec    .         Reflect  .   (no cloak)
rCorr    .         Harm     .   (no gloves)
MR       .....                  (no boots)
Stlth    +.........             (no amulet)
Regen    0.0/turn               (no ring)
MPRegen  0.2/turn               (no ring)

@: non-regenerating, very slow
A: damage resistance, heal wounds, sense surroundings 1, no regeneration
a: Heal Wounds


You were on level 5 of the Dungeon.
You were not hungry.

You visited 1 branch of the dungeon, and saw 5 of its levels.

You collected 93 gold pieces.

Inventory:

Hand Weapons
 a - a +0 dagger (weapon)
 b - a +0 war axe
 k - a +0 war axe
Armour
 f - a +0 scale mail
 h - a +0 leather armour (worn)
 j - a cursed +0 ring mail
Wands
 u - a wand of iceblast (7/15)
Scrolls
 e - 2 scrolls of amnesia {unknown}
 l - 4 scrolls of identify {unknown}
 m - a scroll of fog {unknown}
 n - 3 scrolls of teleportation {unknown}
 o - 2 scrolls of remove curse {unknown}
 q - a scroll of enchant weapon {unknown}
 t - a scroll of recharging {unknown}
Potions
 d - 3 potions of curing {unknown}
 i - a potion of mutation {unknown}
 p - a potion of magic {unknown}
Books
 v - a book of Necromancy

   Spells                             Type                      Level
   a - Pain                           Necromancy                   1
   b - Animate Skeleton               Necromancy                   1
   c - Vampiric Draining              Necromancy                   3
   d - Regeneration                   Charms/Necromancy            3
   e - Animate Dead                   Necromancy                   4
   f - Control Undead                 Necromancy                   4
Comestibles
 c - 2 bread rations
 g - 3 meat rations
 r - 3 fruits
 s - a royal jelly


   Skills:
 + Level 1.8 Armour
 - Level 2.1 Dodging
 - Level 2.4 Stealth
 + Level 3.0 Spellcasting
 - Level 7.3 Necromancy


You had 7 spell levels left.
You knew the following spells:

 Your Spells              Type           Power        Failure   Level  Hunger
a - Pain                  Necr           ####         1%          1    None
v - Vampiric Draining     Necr           ####......   3%          3    ###....


Dungeon Overview and Level Annotations

Branches:
Dungeon (5/15)
 Temple: D:4-7

Altars:
Ashenzari
Fedhas
Makhleb
Zin

Shops:
D:4 [

Annotations:
D:2 Terence
D:4 Dowan; Duvessa; gungr's ghost, novice OpTm
D:5 Eltigrechino's ghost, amateur DENe


Innate Abilities, Weirdness & Mutations

You are resistant to damage.
You can heal yourself by infusing magical energy.
You passively map a small area around you.
You do not regenerate.


Message History

The ogre shouts!
You see here a scroll labeled EMMIG VUOKK.
There is an open door here.
Found a blossoming altar of Fedhas.
A crimson imp comes into view.
You enter the shallow water.
Moving in this stuff is going to be slow.
A crimson imp comes into view.
The crimson imp shouts!
The crimson imp puffs mist at you.
The crimson imp blinks!
The shadow imp gestures at you. You resist with significant effort.
The crimson imp completely misses you.
You aren't carrying any pieces of jewellery.
Unknown command.
Wield which item (- for none, * to show all)? (? for menu, Esc to quit)
Okay, then.
Okay, then.
Are you sure you want to abandon this character and quit the game? (Confirm with "yes".) ## ### , .##.P. ##P ,# #P#PPPPP,PP PP #P#PPPP##P .PP #PPPPP.PP##PPPP

, #.P#P#.......PP
#..PP..≈≈≈≈≈..P ,,
#.P#..5@≈≈≈≈≈..
##..≈≈≈≈≈≈≈≈≈. * ,
#P.≈≈≈≈≈≈≈≈≈≈≈ ,
#####.5≈≈≈...≈≈≈≈
*
#...O.≈≈≈5._.....,
#O###.≈≈≈≈...≈≈≈≈,
#.# P.≈≈≈≈≈≈≈≈≈≈≈
,
#.##P..≈≈≈≈≈≈≈≈≈.
, #.###P..≈≈≈≈≈≈≈.
* ,


You could see an ogre, 2 crimson imps and a shadow imp.

Vanquished Creatures
  A howler monkey (D:5)
  A hound (D:4)
  An orc wizard (D:5)
  An iguana (D:5)
  2 worker ants (D:5)
  A hound zombie (D:4)
  A howler monkey skeleton (D:4)
  9 adders
  An ooze (D:3)
  An adder skeleton (D:4)
  2 dart slugs
  3 leopard geckos (D:4)
  9 orcs
  4 giant cockroaches
  3 goblins
  4 quokkas (D:3)
  3 frilled lizards
  A jackal skeleton (D:4)
  A kobold (D:3)
  A rat (D:2)
50 creatures vanquished.

Notes
Turn   | Place    | Note
-------+----------+-------------------------------------------
     0 | D:1      | letownia2 the Deep Dwarf Necromancer began the quest for the Orb.
     0 | D:1      | Reached XP level 1. HP: 15/15 MP: 3/3
   178 | D:2      | Reached XP level 2. HP: 16/22 MP: 1/5
   258 | D:2      | Noticed Terence
   442 | D:4      | Noticed gungr's ghost (novice OpTm)
   548 | D:4      | Noticed a phantom
   557 | D:4      | Reached skill level 5 in Necromancy
   557 | D:4      | Reached XP level 3. HP: 12/28 MP: 0/6
   618 | D:4      | Learned a level 3 spell: Vampiric Draining
  1204 | D:3      | Found a burning altar of Makhleb.
  1208 | D:3      | Noticed a green death
  1209 | D:3      | Found a glowing silver altar of Zin.
  1210 | D:3      | Noticed an angel
  1255 | D:3      | Reached XP level 4. HP: 29/36 MP: 1/7
  1413 | D:4      | Found a shattered altar of Ashenzari.
  1413 | D:4      | Noticed Duvessa
  1414 | D:4      | Noticed Dowan
  1415 | D:4      | Noticed a phantom
  2288 | D:5      | Entered Level 5 of the Dungeon
  2293 | D:5      | Reached skill level 6 in Necromancy
  2592 | D:5      | Reached XP level 5. HP: 26/42 MP: 0/8
  2618 | D:5      | HP: 2/42 [orc wizard/magic dart (5)]
  2619 | D:5      | Reached skill level 7 in Necromancy
  3223 | D:4      | Found Nagedeho's Antique Armour Shop.
  3228 | D:4      | Reached XP level 6. HP: 27/49 MP: 2/10
  3464 | D:4      | Reached skill level 1 in Armour
  3832 | D:5      | Noticed Eltigrechino's ghost (amateur DENe)
  3912 | D:5      | Noticed a sky beast
  4047 | D:5      | Found a blossoming altar of Fedhas.
  4053 | D:5      | Quit the game

Skill      XL: |  1  2  3  4  5  6 |
---------------+-------------------+-----
Spellcasting   | 2 3 |  3.0
Necromancy     | 5 6 7 |  7.3
Armour         | 1 |  1.8
Dodging        | |  2.1
Stealth        | |  2.4

Action                   |  1- 3 |  4- 6 || total
-------------------------+-------+-------++-------
Melee: Dagger            |    19 |    60 ||    79
 Cast: Pain              |    42 |    26 ||    68
       Vampiric Draining |     4 |    33 ||    37
 Stab: Sleeping          |     1 |       ||     1
  Eat: Chunk             |     2 |    12 ||    14
Armor: Leather armour    |     3 |    23 ||    26
       Robe              |     1 |       ||     1
Dodge: Dodged            |    14 |    82 ||    96
